 Dungeon Crawl Stone Soup version 0.18-a0-1372-gd644665 (webtiles) character file.

116850 M4edhros the Immaculate (level 16, -5/107 HPs)
             Began as an Octopode Monk on Feb 21, 2016.
             Was a High Priest of Zin.
             Slain by a wyvern (12 damage)
             ... on level 15 of the Dungeon.
             The game lasted 01:34:50 (29298 turns).

M4edhros the Immaculate (Octopode Monk)            Turns: 29298, Time: 01:34:50

Health: -5/107     AC:  6    Str: 22    XL:     16   Next: 72%
Magic:  28/28      EV: 25    Int: 13    God:    Zin [*****.]
Gold:   1248       SH:  6    Dex: 20    Spells: 4 memorised, 7 levels left

rFire  x x .     SeeInvis +       - Unarmed
rCold  + + .     Gourm    .     t - +2 buckler {rPois}
rNeg   . . .     Faith    .     (helmet restricted)
rPois  +         Spirit   .     E - amulet of a Thousand Lies {+Rage Str+7}
rElec  .         Dismiss  .     X - +2 ring of strength
rCorr  .         Reflect  .     i - ring of see invisible
SustAt .         Harm     .     d - +3 ring of slaying
MR     ++...                    g - +2 ring of strength
Stlth  ++++......               q - +4 ring of protection
                                K - ring of protection from magic
                                z - ring of ice
                                n - ring of ice

@: exhausted, slowed, very slow, very resistant to hostile enchantments,
stealthy
A: almost no armour, amphibious, 8 rings, constrict 8, molten scales 1,
camouflage 1, gelatinous body 1
a: Recite, Vitalisation, Imprison, Sanctuary, Donate Gold, Renounce Religion,
Evoke Berserk Rage


You were on level 15 of the Dungeon.
You worshipped Zin.
Zin was extremely pleased with you.
You were hungry.

You visited 4 branches of the dungeon, and saw 26 of its levels.
You also visited: Labyrinth.

You collected 2091 gold pieces.
You spent 634 gold pieces at shops.
You donated 209 gold pieces to Zin.

Inventory:

Hand Weapons
 b - a +4 blowgun
 e - a +0 hunting sling of evasion
 o - a +5 hunting sling
 v - the +8 long sword of Internal Strife {freeze, rPois MR- Str+8 Stlth+}
   (You found it on level 8 of the Dungeon)

   It has been specially enchanted to freeze those struck by it, causing extra
   injury to most foes and up to half again as much damage against particularly
   susceptible opponents.
   It can also slow down cold-blooded creatures.
   It affects your strength (+8).
   It protects you from poison.
   It affects your resistance to hostile enchantments.
   It makes you more stealthy.
 Q - the +1 dagger of Instinct {flame, rElec rC+++ MP+9 Dex-2}
   (You found it in a labyrinth)

   It has been specially enchanted to burn those struck by it, causing extra
   injury to most foes and up to half again as much damage against particularly
   susceptible opponents.
   It affects your dexterity (-2).
   It renders you almost immune to cold.
   It insulates you from electricity.
   It affects your magic capacity (+9).
Missiles
 j - 46 sling bullets
 p - 658 stones (quivered)
 s - 2 curare-tipped needles
 B - a steel sling bullet
Armour
 t - a +2 buckler of poison resistance (worn)
 O - a +0 shield
Jewellery
 d - a +3 ring of slaying (on tentacle)
 g - a +2 ring of strength (on tentacle)
 i - a ring of see invisible (right tentacle)
 n - a ring of ice (on tentacle)
 q - a +4 ring of protection (on tentacle)
 z - a ring of ice (on tentacle)
 E - the amulet of a Thousand Lies (around mantle) {+Rage Str+7}
   (You found it on level 10 of the Dungeon)

   [amulet of rage]

   It affects your strength (+7).
   It lets you go berserk.
 I - an uncursed amulet of guardian spirit
 K - a ring of protection from magic (on tentacle)
 X - a +2 ring of strength (left tentacle)
Wands
 l - a wand of digging (10/24)
 u - a wand of lightning (8/15)
 C - a wand of iceblast (3/15)
 J - a wand of paralysis (16/24)
 N - a wand of confusion (21/48)
 P - a wand of flame (26/48)
 R - a wand of acid (11/15)
 U - a wand of flame (26/48)
Scrolls
 c - a scroll of fog
 k - 3 scrolls of teleportation
 m - 5 scrolls of immolation
 y - a scroll of blinking
 G - a scroll of identify
 H - 2 scrolls of amnesia
 T - a scroll of enchant armour
Potions
 A - a potion of curing
 S - a potion of flight
 V - a potion of magic
Books
 f - a book of Frost

   Spells                             Type                      Level
   a - Freeze                         Ice                          1
   b - Throw Frost                    Conjuration/Ice              2
   c - Ozocubu's Armour               Charms/Ice                   3
   d - Throw Icicle                   Conjuration/Ice              4
   e - Summon Ice Beast               Ice/Summoning                4
 D - a book of the Warp

   Spells                             Type                      Level
   a - Recall                         Summoning/Translocation      3
   b - Gell's Gravitas                Hexes/Translocation          3
   c - Force Lance                    Conjuration/Translocation    4
   d - Warp Weapon                    Charms/Translocation         5
   e - Summon Forest                  Summoning/Translocation      5
Miscellaneous
 w - a phantom mirror
 F - a legendary deck of defence {the Blade, drawn: 3}
 L - an ornate deck of escape {the Elixir, drawn: 1}
Comestibles
 a - 19 bread rations
 h - 10 fruits
 r - 3 beef jerkies
 x - a meat ration
 M - a royal jelly


   Skills:
 + Level 8.9 Fighting
 - Level 12.0 Slings
 + Level 15.1 Dodging
 - Level 2.6 Stealth
 - Level 11.0 Unarmed Combat
 + Level 3.6 Spellcasting
 + Level 3.7 Charms
 - Level 2.0 Translocations
 + Level 3.8 Ice Magic
 * Level 17.5 Invocations


You had 7 spell levels left.
You knew the following spells:

 Your Spells              Type           Power        Failure   Level  Hunger
a - Gell's Gravitas       Hex/Tloc       #.........   82%         3    ###....
b - Summon Forest         Summ/Tloc      #.........   100%        5    ######.
c - Ozocubu's Armour      Chrm/Ice       ####....     24%         3    ###....
d - Throw Icicle          Conj/Ice       ###.....     99%         4    #####..


Dungeon Overview and Level Annotations

Branches:
Dungeon (15/15)            Temple (1/1) D:6            Lair (8/8) D:11
 Shoals (0/4) Lair:4        Snake (0/4) Lair:6        Slime (0/6) Lair:8
    Orc (2/2) D:12            Elf (0/3) Orc:2        Vaults (0/5) D:13
 Depths: D:15

Altars:
Ashenzari
Cheibriados
Dithmenos
Elyvilon
Fedhas
Gozag
Kikubaaqudgha
Makhleb
Nemelex Xobeh
Okawaru
Pakellas
Qazlal
Ru
Sif Muna
Trog
Vehumet
Xom
Yredelemnul
Zin
The Shining One
Jiyva

Shops:
D:12 [[:   Orc:2 !(%}

Portals:
Pandemonium: Orc:2

Annotations:
D:3 namelastname112's ghost, amateur DrGl
D:7 exclusion: statue
Lair:8 1 runed door


Innate Abilities, Weirdness & Mutations

You cannot wear most types of armour.
You are amphibious.
You can wear up to eight rings at the same time.
You can use your tentacles to constrict eight enemies at once.
Your skin changes colour to match your surroundings (Stealth).
Your rubbery body absorbs attacks (AC +1).
You are partially covered in molten scales (AC +1).


Message History

A manticore comes into view.
Evoke which item? (* to show all) (? for menu, Esc to quit)
Zapping:
J - a wand of paralysis (19/24)
Press: ? - help, Shift-Dir - straight line, f/p - hippogriff
Aim: a hippogriff (paralysed, chance to defeat MR: 46%) Nothing appears to happen.
This wand has 18 charges left.
You are no longer corroded.
Evoke which item? (* to show all) (? for menu, Esc to quit)
Zapping:
J - a wand of paralysis (18/24)
Press: ? - help, Shift-Dir - straight line, f - wyvern, p - hippogriff
Aim: a wyvern (chance to defeat MR: 46%)
The wyvern resists with some effort.
This wand has 17 charges left.
A wyvern comes into view.
Evoke which item? (* to show all) (? for menu, Esc to quit)
Zapping:
J - a wand of paralysis (17/24)
Press: ? - help, Shift-Dir - straight line, f/p - wyvern
Aim: a wyvern (chance to defeat MR: 46%)
The wyvern resists with some effort.
This wand has 16 charges left.
The wyvern moves out of view.
The wyvern bites you!
You die...

.###)## #...# ..##.# #...#
...#.## #...# ## . ......#
#...# #.# ... #.....## ##...#
..#.... ####...#
##....###H......
####.#.#########...H.H(...#
......รท............#.(#.#..#
......#.#####..#@###..#.# ....
####.............l......# #..#
####.#...........###.#.#####...
................).##.#(..... #
.##........####)...#.###..#
.#....##.#......<)..).##..#
.....###.#####((###..)....###
#..#.# #.# ##(.####...<....#
#.##.###.# #))..# #.#........#


You could see a manticore, a hippogriff (paralysed) and a wyvern.

Vanquished Creatures
  Rupert (Orc:2)
  A vault guard (D:13)
  A minotaur (Lab)
  Josephine (Orc:2)
  8 hydras
  Harold (Lair:2)
  4 centaur warriors
  2 ogre magi
  11 death yaks
  A queen ant (Lair:1)
  10 orc high priests
  The ghost of M4edhros the Orthodox, a novice OpMo of Zin (D:8)
  Sonja (Lair:1)
  6 slime creatures
  8 skeletal warriors
  A deep troll (D:13)
  3 hill giants
  4 unseen horrors
  2 gelid demonspawn (Orc:2)
  A lindwurm (Lair:4)
  3 deep elf magi
  6 orc knights
  9 ugly things
  4 orc sorcerers (Orc:2)
  A cyclops (D:14)
  3 sixfirhies (Orc:2)
  A manticore (D:15)
  A griffon (D:15)
  6 black mambas
  2 centaur zombies
  A black mamba (shapeshifter) (D:13)
  Psyche (D:11)
  A moth of wrath (shapeshifter) (D:12)
  12 spiny frogs
  An orange demon (Orc:2)
  2 gargoyles (D:14)
  2 kobold demonologists
  An efreet (D:15)
  3 fire drakes
  6 komodo dragons
  A spriggan druid (Lair:8)
  6 polar bears
  7 two-headed ogres
  A harpy zombie (D:15)
  A snapping turtle (Lair:4)
  6 trolls
  2 minotaur skeletons (Lab)
  2 boulder beetles
  42 blink frogs
  7 redbacks
  10 spriggans (Lair:8)
  66 yaks
  4 wraiths
  10 wyverns
  6 hungry ghosts
  3 basilisks
  12 hippogriffs
  A steam dragon (D:11)
  A chaos spawn (Orc:2)
  2 vampire mosquitoes (D:15)
  29 wolves
  2 mottled dragons
  5 wargs (Orc:2)
  3 nagas (Lair:6)
  21 soldier ants
  15 water moccasins
  11 porcupines
  2 eyes of draining
  4 sky beasts
  5 ice beasts
  5 wasps
  9 black bears
  37 orc warriors
  A necrophage (D:10)
  4 boggarts (D:12)
  14 ogres
  17 centaurs
  A phantom (D:6)
  12 crocodiles
  2 gnoll sergeants
  20 giant frogs
  5 scorpions
  11 killer bees
  A troll skeleton (D:13)
  3 wights (D:13)
  An electric eel (Lair:2)
  3 spriggan skeletons
  9 crimson imps
  3 giant frog zombies
  3 jellies
  7 hounds
  9 centaur skeletons
  15 orc wizards
  21 orc priests
  3 giant frog skeletons
  11 iguanas
  6 hell rats (Lair:7)
  29 worker ants
  26 sheep
  A hound skeleton (D:10)
  2 worker ant zombies (D:5)
  Robin (D:2)
  18 gnolls
  20 adders
  15 river rats
  A shadow imp (D:14)
  An ooze (D:2)
  An adder skeleton (D:6)
  An adder zombie (D:5)
  3 worms
  5 giant geckos
  99 orcs
  2 ball pythons
  8 giant cockroaches
  16 goblins
  9 hobgoblins
  17 jackals
  2 quokkas
  A ball python skeleton (D:4)
  17 bats
  A giant gecko skeleton (D:4)
  7 giant newts
  3 kobolds
  A quokka skeleton (D:5)
  12 rats
973 creatures vanquished.

Vanquished Creatures (others)
  An orc (Orc:1)
  A bush (Lair:8)
  30 fungi
  4 pillars of salt
  30 plants
66 creatures vanquished.

Grand Total: 1039 creatures vanquished

Notes
Turn   | Place    | Note
--------------------------------------------------------------
     0 | D:1      | M4edhros the Octopode Monk began the quest for the Orb.
     0 | D:1      | Reached XP level 1. HP: 16/16 MP: 1/1
   235 | D:1      | Reached XP level 2. HP: 21/21 MP: 2/2
   676 | D:2      | Reached XP level 3. HP: 24/26 MP: 3/3
   681 | D:2      | Reached skill level 5 in Unarmed Combat
   731 | D:2      | Found an iron altar of Okawaru.
  1097 | D:2      | Reached XP level 4. HP: 31/31 MP: 4/4
  1113 | D:2      | Gained mutation: You are clumsy. (Dex -2) [potion of mutation]
  1113 | D:2      | Gained mutation: You are dopey. (Int -2) [potion of mutation]
  1113 | D:2      | Gained mutation: You are resistant to hostile enchantments. [potion of mutation]
  1120 | D:2      | Gained mutation: Your body sometimes deteriorates upon taking damage. [potion of mutation]
  1120 | D:2      | Gained mutation: You are partially covered in molten scales (AC +1). [potion of mutation]
  1120 | D:2      | Lost mutation: You are clumsy. (Dex -2) [potion of mutation]
  1205 | D:2      | Noticed Robin
  1590 | D:2      | Reached skill level 6 in Unarmed Combat
  1734 | D:2      | Reached XP level 5. HP: 33/36 MP: 5/5
  1895 | D:2      | Killed Robin
  2028 | D:2      | Noticed a moth of wrath
  2031 | D:2      | Found a bloodstained altar of Trog.
  2214 | D:3      | Noticed namelastname112's ghost (amateur DrGl)
  2758 | D:3      | Reached skill level 7 in Unarmed Combat
  2758 | D:3      | Reached XP level 6. HP: 31/42 MP: 6/6
  2866 | D:3      | Found a sparkling altar of Nemelex Xobeh.
  3373 | D:4      | Found an ancient bone altar of Kikubaaqudgha.
  3572 | D:4      | Reached skill level 8 in Unarmed Combat
  3676 | D:4      | Reached XP level 7. HP: 6/46 MP: 7/7
  4029 | D:5      | Entered Level 5 of the Dungeon
  4257 | D:5      | Reached skill level 9 in Unarmed Combat
  4421 | D:5      | Reached XP level 8. HP: 32/52 MP: 8/8
  4761 | D:5      | Reached skill level 10 in Unarmed Combat
  5588 | D:6      | Found a staircase to the Ecumenical Temple.
  5652 | Temple   | Entered the Ecumenical Temple
  5711 | Temple   | Became a worshipper of Zin the Law-Giver
  5711 | Temple   | Reached * piety under Zin
  5711 | Temple   | Reached ** piety under Zin
  5759 | D:6      | Reached *** piety under Zin
  5910 | D:6      | Got a scorched hand axe {flame}
  5911 | D:6      | Identified the +4 hand axe of Linox {flame, Fragile rN++ MP+9 SInv} (You took it off an orc warrior on level 6 of the Dungeon)
  5977 | D:6      | Found a shadowy altar of Dithmenos.
  5993 | D:6      | Reached skill level 11 in Unarmed Combat
  6058 | D:6      | Reached skill level 1 in Invocations
  6070 | D:6      | Found an opulent altar of Gozag.
  6214 | D:6      | Zin protects you from harm!
  6325 | D:6      | Reached XP level 9. HP: 30/56 MP: 11/11
  6637 | D:7      | Found a radiant altar of Vehumet.
  6973 | D:7      | Reached skill level 5 in Dodging
  7009 | D:7      | Lost mutation: You are dopey. (Int -2) [potion of cure mutation]
  7009 | D:7      | Lost mutation: Your body sometimes deteriorates upon taking damage. [potion of cure mutation]
  7009 | D:7      | Lost mutation: You are resistant to hostile enchantments. [potion of cure mutation]
  7031 | D:7      | Reached **** piety under Zin
  7101 | D:7      | Reached skill level 5 in Invocations
  7503 | D:8      | Found a snail-covered altar of Cheibriados.
  7559 | D:8      | Noticed M4edhros's ghost (novice OpMo)
  7644 | D:8      | Got a dazzling long sword
  7645 | D:8      | Identified the +8 long sword of Internal Strife {freeze, rPois MR- Str+8 Stlth+} (You found it on level 8 of the Dungeon)
  7687 | D:8      | Killed M4edhros's ghost
  7739 | D:8      | Reached XP level 10. HP: 32/63 MP: 15/15
  8388 | D:10     | Entered Level 10 of the Dungeon
  8448 | D:10     | Got a flickering silver amulet
  8449 | D:10     | Identified the amulet of a Thousand Lies {+Rage Str+7} (You found it on level 10 of the Dungeon)
  8581 | D:10     | Reached ***** piety under Zin
  8786 | D:10     | Noticed an unseen horror
  8795 | D:11     | Noticed Psyche
  8799 | D:11     | Killed Psyche
  9298 | D:10     | Killed an unseen horror
  9346 | D:10     | Reached XP level 11. HP: 42/66 MP: 15/18
  9592 | D:11     | Reached skill level 10 in Invocations
  9615 | D:11     | Learned a level 3 spell: Gell's Gravitas
  9621 | D:11     | Learned a level 5 spell: Summon Forest
  9633 | D:11     | Found a staircase to the Lair.
  9634 | D:11     | Noticed an unseen horror
  9645 | D:11     | Killed an unseen horror
  9645 | D:11     | Reached skill level 10 in Dodging
  9645 | D:11     | Reached skill level 1 in Spellcasting
  9645 | D:11     | Reached skill level 1 in Translocations
  9710 | D:11     | Noticed a five-headed hydra
 10095 | D:12     | Found Lux Fimu's Antique Armour Shop.
 10260 | D:12     | Found a staircase to the Orcish Mines.
 10380 | D:12     | Noticed a skeletal warrior
 10383 | D:12     | Noticed a skeletal warrior
 10383 | D:12     | Noticed a skeletal warrior
 10434 | D:13     | Noticed a cyclops
 10491 | D:12     | Found Vuqudenn's Antique Armour Emporium.
 10684 | D:12     | Reached skill level 1 in Slings
 10690 | D:12     | Noticed a purple ugly thing
 10957 | Lair:1   | Entered Level 1 of the Lair of Beasts
 11090 | Lair:1   | Noticed Sonja
 11111 | Lair:1   | Killed Sonja
 11213 | Lair:1   | Noticed a queen ant
 11226 | Lair:1   | Killed a queen ant
 11246 | Lair:1   | Reached skill level 5 in Slings
 11272 | Lair:1   | HP: 1/67 [porcupine (12)]
 11639 | Lair:1   | Reached XP level 12. HP: 62/72 MP: 20/20
 12268 | Lair:2   | Found a labyrinth entrance.
 12307 | Lab      | Entered a labyrinth
 12728 | Lab      | Found an exit through the horrors of the Abyss.
 12918 | Lab      | Noticed a minotaur
 12974 | Lab      | Got a twisted dagger
 12993 | Lab      | Killed a minotaur
 13003 | Lab      | Got a jewelled whip
 13063 | Lair:2   | Identified the +1 dagger of Instinct {flame, rElec rC+++ MP+9 Dex-2} (You found it in a labyrinth)
 13064 | Lair:2   | Identified the +9 whip of Awkwardness {antimagic, rC+} (You found it in a labyrinth)
 13122 | Lair:2   | Noticed Harold
 13134 | Lair:2   | Killed Harold
 13158 | Lair:2   | Reached ****** piety under Zin
 13379 | Lair:2   | Found a deep blue altar of Sif Muna.
 13481 | Lair:2   | Reached skill level 12 in Invocations
 14122 | Lair:3   | Reached XP level 13. HP: 57/77 MP: 22/22
 14284 | Lair:3   | Found a blossoming altar of Fedhas.
 15562 | Lair:4   | Found a staircase to the Shoals.
 15633 | Lair:4   | Reached skill level 10 in Slings
 16772 | Lair:6   | Found a staircase to the Snake Pit.
 17094 | Lair:6   | Reached skill level 13 in Invocations
 17831 | Lair:6   | Reached XP level 14. HP: 36/83 MP: 21/24
 18047 | Orc:1    | Entered Level 1 of the Orcish Mines
 18295 | Orc:2    | Entered Level 2 of the Orcish Mines
 18295 | Orc:2    | Found a staircase to the Elven Halls.
 19115 | Orc:2    | Noticed Josephine
 19235 | Orc:2    | Noticed Rupert
 19247 | Orc:2    | Killed Rupert
 19343 | Orc:2    | Reached skill level 14 in Invocations
 19656 | Orc:2    | Found Fitus's Distillery.
 19662 | Orc:2    | Found Sisaos's Food Shoppe.
 19994 | Orc:2    | Bought 2 potions of heal wounds for 100 gold pieces
 19994 | Orc:2    | Bought a potion of heal wounds for 50 gold pieces
 19994 | Orc:2    | Bought a potion of haste for 100 gold pieces
 19994 | Orc:2    | Bought a potion of might for 40 gold pieces
 20189 | Orc:2    | Killed Josephine
 20560 | Orc:2    | Reached skill level 5 in Fighting
 21141 | Orc:2    | Reached skill level 15 in Invocations
 21367 | Orc:2    | Found Huisadai's Gadget Boutique.
 21367 | Orc:2    | Found Hauwuty's Antique Weapon Shop.
 21367 | Orc:2    | Found a one-way gate leading to the halls of Pandemonium.
 21371 | Orc:2    | Bought a runed hunting sling for 48 gold pieces
 21473 | D:12     | Reached XP level 15. HP: 78/94 MP: 23/26
 21767 | D:12     | Found Deilir's Book Shoppe.
 21825 | D:12     | Bought a shiny buckler for 148 gold pieces
 21825 | D:12     | Bought a runed buckler for 148 gold pieces
 22055 | Lair:8   | Entered Level 8 of the Lair of Beasts
 23127 | Lair:8   | Found a runed door.
 23128 | Lair:8   | Found a viscous altar of Jiyva.
 23128 | Lair:8   | Found a staircase to the Slime Pits.
 23247 | Lair:8   | Reached skill level 16 in Invocations
 24424 | Lair:7   | Learned a level 3 spell: Ozocubu's Armour
 24429 | Lair:7   | Learned a level 4 spell: Throw Icicle
 26280 | D:12     | Reached XP level 16. HP: 105/105 MP: 28/28
 26396 | D:13     | Reached skill level 1 in Ice Magic
 26442 | D:13     | Reached skill level 1 in Charms
 26870 | D:13     | Found a gate to the Vaults.
 27196 | D:14     | Reached skill level 17 in Invocations
 28464 | D:15     | Entered Level 15 of the Dungeon
 28550 | D:15     | Reached skill level 15 in Dodging
 29287 | D:15     | HP: 5/107 [hippogriff (2)]
 29287 | D:15     | HP: 2/107 [hippogriff (3)]
 29298 | D:15     | Slain by a wyvern

Vault maps used:
D:1:      lightli_arrival_farm, minmay_tree_intersection
D:2:      tgw_trog, okawaru_trees_2, small_statue_intersection, uniq_robin
D:3:      first_bread, nemelex_spade_bored_becter
D:4:      lemuel_doored_altar
D:6:      marbit_many_paths, temple_hall, grunt_gozag_breadcrumbs
D:7:      vehumet_statue
D:8:      slow_altar_1
D:11:     lair_0_dummy, uniq_psyche
D:12:     hiddenorc2_lemuel, serial_shops, shop_statue, shop, shop_fountains
D:13:     david_vaults_4, hangedman_tell_no_tales
D:14:     grunt_decor_cap, minmay_misc_feat_room, kennysheep_donut
D:15:     gammafunk_enter_depths_forms, hangedman_abyss_or_decor_passed,
          special_room, minmay_crystal_box
Temple:   water_room_temple_a_12
Lair:1:   minivault_29, infiniplex_staircase_pool_2, uniq_sonja
Lair:2:   lab_entry_generic, lemuel_altar_in_water2, serial_bayou_shore_b,
          serial_bayou_shore_a, uniq_harold
Lair:3:   beast_lair_carwin_large_2, basic_altar, serial_bayou_shore_b
Lair:4:   minmay_shoals_entry_hut, st_stairs_13, patterned_corridor
Lair:6:   guppyfry_snake_entry_island, beast_lair_carwin_4, grunt_megastairs_3
Lair:8:   minmay_lair_end_enchanted_forest, slime_altar_2, st_stairs_4
Orc:1:    uniq_snorg
Orc:2:    pf_orc_diabolical, nicolae_orc_bridge_out, roderic_batcave,
          uniq_rupert, uniq_josephine
Lab:      labyrinth_mini_lab, nicolae_lab_swirl, labyrinth_skeletal_remains,
          nicolae_lab_very_dead_end, nicolae_lab_hexagon, lab_hedge,
          labyrinth_fake_exit

Action                   |  1- 3 |  4- 6 |  7- 9 | 10-12 | 13-15 | 16-18 || total
-------------------------+-------+-------+-------+-------+-------+-------++-------
Melee: Unarmed           |    61 |   204 |   227 |   461 |  1034 |   271 ||  2258
       Long sword        |       |       |    16 |    50 |       |       ||    66
 Fire: Hunting sling     |       |       |       |    48 |   245 |   172 ||   465
       Blowgun           |       |       |       |     5 |     1 |       ||     6
Throw: Stone             |       |       |       |     1 |       |       ||     1
Invok: Recite            |       |       |    13 |     9 |    43 |    15 ||    80
       Vitalisation      |       |       |     5 |    20 |    44 |    17 ||    86
       Imprison          |       |       |       |       |     1 |       ||     1
       Sanctuary         |       |       |       |       |     1 |       ||     1
 Abil: Evoke Berserk Rag |       |       |       |     5 |     6 |     1 ||    12
       Evoke Flight      |       |       |       |       |     1 |       ||     1
Evoke: Wand              |       |       |     2 |       |     1 |     5 ||     8
       Deck              |       |       |       |     4 |       |       ||     4
  Use: Potion            |       |     6 |     7 |    10 |    13 |     3 ||    39
       Scroll            |       |       |    14 |    17 |    13 |     3 ||    47
 Stab: Sleeping          |    13 |     8 |     6 |    20 |    15 |     4 ||    66
       Paralysed         |       |       |     6 |     1 |    27 |     1 ||    35
       Confused          |       |       |     2 |       |    19 |     3 ||    24
       Distracted        |       |       |       |     1 |     8 |       ||     9
       Invisible         |       |       |       |       |     4 |       ||     4
  Eat: Chunk             |       |     9 |    11 |    10 |    17 |       ||    47
       Beef jerky        |       |       |       |     2 |     1 |     1 ||     4
       Meat ration       |       |       |       |     4 |     4 |       ||     8
       Royal jelly       |       |       |       |       |     1 |     4 ||     5
       Bread ration      |       |       |       |       |     1 |       ||     1
